 Dungeon Crawl Stone Soup version 0.21.1-1-g345015f (webtiles) character file.

53 tidbits the Insei (level 3, 5/28 HPs)
             Began as a Gnoll Transmuter on Feb 19, 2018.
             Quit the game on level 4 of the Dungeon.
             The game lasted 00:01:28 (100 turns).

tidbits the Insei (Gnoll Transmuter)                 Turns: 100, Time: 00:01:28

Health: 5/28       AC:  2    Str: 12    XL:     3   Next: 89%
Magic:  5/9        EV: 15    Int: 16    God:
Gold:   11         SH:  0    Dex: 15    Spells: 9/12 levels left

rFire    . . .     SeeInvis .     - Unarmed
rCold    . . .     Gourm    .   (no shield)
rNeg     . . .     Faith    .   b - +0 robe
rPois    .         Spirit   .   (no helmet)
rElec    .         Reflect  .   (no cloak)
rCorr    .         Harm     .   (no gloves)
MR       .....                  (no boots)
Stlth    ++........             (no amulet)
HPRegen  0.09/turn              (no ring)
MPRegen  0.11/turn              (no ring)

@: lethally poisoned (5 -> -8), appendage (expiring)
A: distributed training, fangs 1, horns 2, strong nose
a: End Transformation


You were on level 4 of the Dungeon.
You were not hungry.
You had grown temporary horns.
You visited 1 branch of the dungeon, and saw 4 of its levels.

You collected 11 gold pieces.

Inventory:

Missiles
 a - 11 arrows
Armour
 b - a +0 robe (worn)
Jewellery
 e - an uncursed ring of ice
   (You found it on level 2 of the Dungeon)
Books
 c - a book of Changes

   Spells                             Type                      Level
   a - Beastly Appendage              Transmutation                1
   b - Sticks to Snakes               Transmutation                2
   c - Spider Form                    Transmutation/Poison         3
   d - Ice Form                       Ice/Transmutation            4
   e - Blade Hands                    Transmutation                5
Comestibles
 d - a ration


   Skills:
 + Level 2.6 Fighting
 + Level 1.0 Short Blades
 + Level 1.0 Long Blades
 + Level 1.0 Axes
 + Level 1.0 Maces & Flails
 + Level 1.0 Polearms
 + Level 1.0 Staves
 + Level 1.0 Slings
 + Level 1.0 Bows
 + Level 1.0 Crossbows
 + Level 1.0 Throwing
 + Level 1.0 Armour
 + Level 4.6 Dodging
 + Level 1.0 Stealth
 + Level 1.0 Shields
 + Level 6.5 Unarmed Combat
 + Level 5.0 Spellcasting
 + Level 0.7 Conjurations
 + Level 0.7 Hexes
 + Level 0.7 Charms
 + Level 0.7 Summonings
 + Level 0.7 Necromancy
 + Level 0.7 Translocations
 + Level 3.8 Transmutations
 + Level 0.7 Fire Magic
 + Level 0.7 Ice Magic
 + Level 0.7 Air Magic
 + Level 0.7 Earth Magic
 + Level 0.7 Poison Magic
 + Level 1.0 Invocations
 + Level 1.0 Evocations


You had 9 spell levels left.
You knew the following spells:

 Your Spells              Type           Power        Failure   Level  Hunger
e - Beastly Appendage     Tmut           ###...       3%          1    None
k - Sticks to Snakes      Tmut           ###.....     4%          2    #......


Dungeon Overview and Level Annotations

Branches:
Dungeon (4/15)
 Temple: D:4-7

Altars:

Annotations:
D:2 Sigmund, Terence


Innate Abilities, Weirdness & Mutations

Your experience applies equally to all skills.
You have very sharp teeth.
Your uncanny sense of smell can sniff out nearby items.
You have a pair of horns on your head.


Message History

The bat misses you.
You closely miss the bat.
You kill the bat!
Memorise Sticks to Snakes, consuming 2 spell levels and leaving 7?
You start memorising the spell.
You continue memorising. x2
You finish memorising.
Spell assigned to 'k'.
There is a stone staircase leading down here.
You climb downwards.
Found 11 gold pieces.
There is a stone staircase leading up here.
Unknown command.
Your transformation is almost over.
You see here 11 gold pieces.
You now have 11 gold pieces.
A scorpion comes into view.
Found 13 gold pieces.
Unknown command.
Found 18 poisoned needles.
Found a stone staircase leading down.
Casting: Beastly Appendage
Confirm with . or Enter, or press ? or * to list all spells.
You extend your transformation's duration.
Casting: Beastly Appendage
Confirm with . or Enter, or press ? or * to list all spells.
You create a snake!
You now have 11 arrows.
You barely miss the scorpion. The scorpion stings you.
You are poisoned.
The scorpion poisons you!
You barely miss the scorpion. Your headbutt misses the scorpion.
You feel sick.
Your ball python closely misses the scorpion. x2
You closely miss the scorpion. You headbutt the scorpion.
The scorpion is lightly wounded.
Your transformation is almost over.
You feel sick.
The scorpion stings you but does no damage.
Your ball python bites the scorpion but does no damage.
Your ball python closely misses the scorpion.
You hit the scorpion but do no damage.
The scorpion is lightly wounded.
The scorpion misses you.
Your ball python barely misses the scorpion.
Your ball python closely misses the scorpion.
An orc comes into view. It is wielding a mace.
You hit the scorpion but do no damage.
The scorpion is lightly wounded.
You feel sick. The scorpion stings you.
* * * LOW HITPOINT WARNING * * *
You are lethally poisoned!
The scorpion poisons you!
Your ball python barely misses the scorpion.
Your ball python closely misses the scorpion.
You hit the scorpion. You headbutt the scorpion.
The scorpion is heavily wounded.
* * * LOW HITPOINT WARNING * * *
You feel sick. The scorpion closely misses you.
Your ball python bites the scorpion but does no damage.
Your ball python grabs the scorpion.
Your ball python constricts the scorpion.
You hit the scorpion.
The scorpion is severely wounded.
* * * LOW HITPOINT WARNING * * *
You feel sick.
Your ball python bites the scorpion but does no damage.
Your ball python constricts the scorpion.
The scorpion misses you.
You hit the scorpion.
You kill the scorpion!
Your Short Blades skill increases to level 1!
Your Long Blades skill increases to level 1!
Your Axes skill increases to level 1!
Your Maces & Flails skill increases to level 1!
Your Polearms skill increases to level 1!
Your Staves skill increases to level 1!
Your Slings skill increases to level 1!
Your Bows skill increases to level 1!
Your Crossbows skill increases to level 1!
Your Throwing skill increases to level 1!
Your Armour skill increases to level 1!
Your Stealth skill increases to level 1!
Your Shields skill increases to level 1!
Your Spellcasting skill increases to level 5!
Your Invocations skill increases to level 1!
Your Evocations skill increases to level 1!
You have reached level 3!
Your experience leads to an increase in your attributes!
Increase (S)trength, (I)ntelligence, or (D)exterity?
You feel clever.
* * * LOW HITPOINT WARNING * * *
You feel sick.
You aren't carrying any potions.
* * * LOW HITPOINT WARNING * * *
You feel sick.
Found a robe.
An orc wizard comes into view. It is wielding a dagger.
* * * LOW HITPOINT WARNING * * *
You feel sick.
Are you sure you want to abandon this character and quit the game? (Confirm with "yes".)
Okay, then.
Unknown command.
Unknown command.
Are you sure you want to abandon this character and quit the game? (Confirm with "yes".)

#####≈≈ ######. .≈≈≈≈≈
# ##.#...##.....≈
##.#####..##..........
..........##..........
...............o....o.
.......<..##..........
..........##..S.......
..##.#######..@.......
# ... #.......... ...#
#.$........ ...
#.......... ..
........### #..(....>#
#...[....# ..........


You could see an orc wizard, an orc and a friendly ball python.

Vanquished Creatures
  A scorpion (D:4)
  An ooze (D:1)
  A bat (D:3)
  A giant cockroach (D:3)
  A rat (D:1)
5 creatures vanquished.

Notes
Turn   | Place    | Note
-------+----------+-------------------------------------------
     0 | D:1      | tidbits the Gnoll Transmuter began the quest for the Orb.
     0 | D:1      | Reached XP level 1. HP: 17/17 MP: 6/6
    49 | D:2      | Noticed Sigmund
    58 | D:2      | Noticed Terence
    67 | D:3      | Reached XP level 2. HP: 17/23 MP: 5/7
    78 | D:3      | Learned a level 2 spell: Sticks to Snakes
    84 | D:4      | Noticed a scorpion
    97 | D:4      | Killed a scorpion
    97 | D:4      | Reached skill level 1 in Short Blades
    97 | D:4      | Reached skill level 1 in Long Blades
    97 | D:4      | Reached skill level 1 in Axes
    97 | D:4      | Reached skill level 1 in Maces & Flails
    97 | D:4      | Reached skill level 1 in Polearms
    97 | D:4      | Reached skill level 1 in Staves
    97 | D:4      | Reached skill level 1 in Slings
    97 | D:4      | Reached skill level 1 in Bows
    97 | D:4      | Reached skill level 1 in Crossbows
    97 | D:4      | Reached skill level 1 in Throwing
    97 | D:4      | Reached skill level 1 in Armour
    97 | D:4      | Reached skill level 1 in Stealth
    97 | D:4      | Reached skill level 1 in Shields
    97 | D:4      | Reached skill level 5 in Spellcasting
    97 | D:4      | Reached skill level 1 in Invocations
    97 | D:4      | Reached skill level 1 in Evocations
    97 | D:4      | Reached XP level 3. HP: 9/28 MP: 4/9
   100 | D:4      | Quit the game

Skill      XL: |  1  2 |
---------------+-------+-----
Short Blades   | 1 |  1.0
Long Blades    | 1 |  1.0
Axes           | 1 |  1.0
Maces & Flails | 1 |  1.0
Polearms       | 1 |  1.0
Staves         | 1 |  1.0
Slings         | 1 |  1.0
Bows           | 1 |  1.0
Crossbows      | 1 |  1.0
Throwing       | 1 |  1.0
Armour         | 1 |  1.0
Stealth        | 1 |  1.0
Shields        | 1 |  1.0
Spellcasting   | 5 |  5.0
Invocations    | 1 |  1.0
Evocations     | 1 |  1.0
Fighting       | |  2.6
Dodging        | |  4.6
Unarmed Combat | |  6.5
Conjurations   | |  0.7
Hexes          | |  0.7
Charms         | |  0.7
Summonings     | |  0.7
Necromancy     | |  0.7
Translocations | |  0.7
Transmutations | |  3.8
Fire Magic     | |  0.7
Ice Magic      | |  0.7
Air Magic      | |  0.7
Earth Magic    | |  0.7
Poison Magic   | |  0.7

Action                   || total
-------------------------++-------
Melee: Unarmed           ||    23
       Kick              ||     1
       Headbutt          ||     5
       Bite              ||     1
 Cast: Beastly Appendage ||     3
       Sticks to Snakes  ||     1
 Stab: Sleeping          ||     1
Armor: Robe              ||     5
Dodge: Dodged            ||    11

Table legend:
 A = Turns spent in this place as a percentage of turns spent in the entire game.
 B = Non-inter-level travel turns spent in this place as a percentage of non-inter-level travel turns spent in the entire game.
 C = Inter-level travel turns spent in this place as a percentage of turns spent in this place.
 D = Turns resting spent in this place as a percentage of non-inter-level travel turns spent in this place.
 E = Turns spent auto-exploring this place as a percentage of non-inter-level travel turns spent in this place.
 F = Non-inter-level travel turns spent in this place divided by the number of levels of this place that you've seen.
                   A       B       C       D       E      F
               +-------+-------+-------+-------+-------+----------------------
         Total | 100.0 | 100.0 |   0.0 |   0.0 |   0.0 |  25.0
       Dungeon | 100.0 | 100.0 |   0.0 |   0.0 |   0.0 |  25.0
               +-------+-------+-------+-------+-------+----------------------

Table legend:
 A = Kills in this place as a percentage of kills in entire the game.
 B = Kills by you in this place as a percentage of kills by you in the entire game.
 C = Kills by friends in this place as a percentage of kills by friends in the entire game.
 D = Other kills in this place as a percentage of other kills in the entire game.
 E = Experience gained in this place as a percentage of experience gained in the entire game.
 F = Experience gained in this place divided by the number of levels of this place that you have seen.
                   A       B       C       D       E      F
               +-------+-------+-------+-------+-------+----------------------
         Total | 100.0 | 100.0 |   N/A |   N/A | 100.0 |  19.2
       Dungeon | 100.0 | 100.0 |   N/A |   N/A | 100.0 |  19.2
               +-------+-------+-------+-------+-------+----------------------

Vault maps used:
D:1:      mrwooster_arrival_statue_3, kennysheep_pointless_box
D:2:      marbit_many_paths, grunt_temple_overflow_open, uniq_sigmund,
          uniq_terence
D:3:      nicolae_qazlal_style_of_elements
D:4:      cheibrodos_thug_alley, nicolae_overflow_crystal_walls,
          minmay_temple_entry_statues_pillars, first_ration, serial_shops, shop,
          hex_tiny, uniq_edmund
